 Dungeon Crawl Stone Soup version 0.30-a0-726-gd89dcf765f (webtiles) character file.

Game seed: 11433261243439414596

74 kingofthe the Grasshopper (level 4, -26/38 HPs)
             Began as a Gnoll Warper on Jan 29, 2023.
             Killed by an exploding Ijyb (31 damage)
             ... ignited by their inner flame
             ... on level 2 of the Dungeon.
             The game lasted 00:09:37 (1957 turns).

kingofthe the Grasshopper (Gnoll Warper)            Turns: 1957, Time: 00:09:38

Health: -26/38     AC:  3    Str: 13    XL:     4   Next: 28%
Magic:  7/11       EV: 12    Int: 12    God:
Gold:   168        SH:  0    Dex: 11    Spells: 10/13 levels left

rFire   . . .      SeeInvis .    a - +0 short sword
rCold   . . .      Faith    .    (no shield)
rNeg    . . .      Spirit   .    s - +0 leather armour
rPois   .          Reflect  .    (no helmet)
rElec   .          Harm     .    (no cloak)
rCorr   .          Rampage  .    (no gloves)
Will    .....                    (no boots)
Stlth   +                        (no amulet)
HPRegen 0.26/turn                (no ring)
MPRegen 0.12/turn                (no ring)

@: attractive, on blink cooldown, flying, very slightly contaminated, hasted,
very quick
A: fangs 1, strong nose, distributed training
a: no special abilities


You were on level 2 of the Dungeon.
You visited 1 branch of the dungeon, and saw 3 of its levels.

You collected 168 gold pieces.

Inventory:

Hand Weapons
 a - a +0 short sword (weapon)
 b - a +0 arbalest
 o - a +0 hand axe
Missiles
 d - 7 boomerangs of dispersal (quivered)
Armour
 p - an orb of energy
 s - a +0 leather armour (worn)
Magical Staves
 e - a staff of death
 m - a staff of conjuration
 w - a staff of air
Scrolls
 c - 2 scrolls of blinking
 f - a scroll of identify {unknown}
 g - 2 scrolls of fear
 h - a scroll of poison {unknown}
 k - 2 scrolls of magic mapping {unknown}
 l - a scroll of teleportation {unknown}
 n - 2 scrolls of immolation
 u - a scroll of vulnerability {unknown}
 x - a scroll of fog {unknown}
 y - a scroll of enchant weapon {unknown}
Potions
 i - a potion of haste
 q - a potion of heal wounds {unknown}
 r - a potion of attraction
 t - a potion of might {unknown}
 v - a potion of cancellation {unknown}
 z - a potion of mutation {unknown}


   Skills:
 + Level 4.6 Fighting
 + Level 4.6 Short Blades
 + Level 1.1 Long Blades
 + Level 1.1 Axes
 + Level 1.1 Maces & Flails
 + Level 1.1 Polearms
 + Level 1.1 Staves
 + Level 1.1 Ranged Weapons
 + Level 2.7 Throwing
 + Level 2.7 Armour
 + Level 4.6 Dodging
 + Level 1.1 Stealth
 + Level 1.1 Shields
 + Level 1.1 Unarmed Combat
 + Level 5.1 Spellcasting
 + Level 0.9 Conjurations
 + Level 0.9 Hexes
 + Level 0.9 Summonings
 + Level 0.9 Necromancy
 + Level 5.4 Translocations
 + Level 0.9 Transmutations
 + Level 0.9 Fire Magic
 + Level 0.9 Ice Magic
 + Level 0.9 Air Magic
 + Level 0.9 Earth Magic
 + Level 0.9 Poison Magic
 + Level 1.2 Invocations
 + Level 1.1 Evocations


You had 10 spell levels left.
You knew the following spells:

 Your Spells              Type           Power      Damage    Failure   Level
a - Blink                 Tloc           32%        N/A       4%          2
b - Summon Small Mammal   Summ           20%        N/A       17%         1

Your spell library contained the following spells:

 Spells                   Type           Power      Damage    Failure   Level
 Lesser Beckoning         Tloc           32%        N/A       4%          2
 Teleport Other           Tloc           16%        N/A       8%          3
 Magic Dart               Conj           20%        1d4       17%         1
 Vhi's Electric Charge    Tloc/Air       20%        N/A       21%         3
 Call Imp                 Summ           5%         N/A       26%         2
 Cigotuvi's Dreadful Rot  Necr/Pois/Air  10%        N/A       26%         2
 Poisonous Vapours        Pois/Air       10%        N/A       26%         2
 Manifold Assault         Tloc           16%        N/A       26%         4
 Call Canine Familiar     Summ           5%         N/A       45%         3
 Mephitic Cloud           Conj/Pois/Air  5%         N/A       45%         3
 Summon Guardian Golem    Hex/Summ       5%         N/A       45%         3


Dungeon Overview and Level Annotations

Branches:
Dungeon (3/15)

Altars:

Shops:
D:1 [(


Innate Abilities, Weirdness & Mutations

You have very sharp teeth.
Your uncanny sense of smell can sniff out nearby items.
Your experience applies equally to all skills.


Message History

There is an escape hatch in the ceiling here.
The adder is attracted toward you. A mysterious force pulls you upwards.
The hatch slams shut behind you.
a - a +0 short sword (weapon)
You are too injured to fight recklessly!
You are too injured to fight recklessly!
You hit Ijyb.
Flame seeps out of Ijyb.
Ijyb is moderately wounded.
Ijyb hits you with a +0 club.
You hit Ijyb but do no damage.
Ijyb is moderately wounded.
You hit Ijyb but do no damage.
Ijyb is moderately wounded.
Ijyb is engulfed in blazing flames.
Flame seeps out of Ijyb.
Ijyb hits you with a +0 club.
* * * LOW HITPOINT WARNING * * *
You aren't carrying any items that you can evoke.
Cast which spell? (? or * to list)
You blink.
Ijyb is attracted toward you.
Casting: Blink (safe; 4% risk of failure)
Confirm with . or Enter, or press ? or * to list all spells.
You are still too unstable to blink.
Casting: Blink (safe; 4% risk of failure)
Confirm with . or Enter, or press ? or * to list all spells.
You miscast Summon Small Mammal.
You are very lightly contaminated with residual magic.
Nothing appears to happen.
Ijyb hits you with a +0 club.
* * * LOW HITPOINT WARNING * * *
Casting: Summon Small Mammal (safe; 17% risk of failure)
Confirm with . or Enter, or press ? or * to list all spells.
Ijyb hits you with a +0 club.
* * * LOW HITPOINT WARNING * * *
Ijyb is attracted toward you.
You hit Ijyb.
Flame seeps out of Ijyb.
Ijyb is heavily wounded.
Ijyb is engulfed in blazing flames.
Ijyb explodes!
The fiery explosion engulfs you!!
Ouch! That really hurt!
You die...

#.....................#......
#........##......##..##..##..
#........##.......####.......
#........##..................
#........##..................
###########.........(........
#.........####.....
#.§§§.....# #.....
#.@○§.....# #.....
#.§§§.....# #.....
#.........# #.....
#.(..r....# ######
#.......(.# # ##.......## #
##.....## # ####### #


You could see a friendly rat (summoned).

Vanquished Creatures
  Ijyb (D:2)
  2 adders
  2 worms
  2 orcs (D:3)
  4 bats
  5 endoplasms
  5 goblins
  2 hobgoblins (D:2)
  3 quokkas
  6 ball pythons
  5 frilled lizards
  5 kobolds
  5 rats
47 creatures vanquished.

Notes
Turn   | Place    | Note
-------+----------+-------------------------------------------
     0 | D:1      | kingofthe the Gnoll Warper began the quest for the Orb.
     0 | D:1      | Reached XP level 1. HP: 20/20 MP: 6/6
   230 | D:1      | Reached XP level 2. HP: 17/26 MP: 7/7
   300 | D:1      | Found Ovaenk's Weapon Shop.
   519 | D:1      | Learned a level 2 spell: Blink
   521 | D:1      | Learned a level 1 spell: Summon Small Mammal
   773 | D:1      | Found Viklocu's Antique Armour Emporium.
   983 | D:1      | Reached skill level 5 in Spellcasting
   983 | D:1      | Reached XP level 3. HP: 30/31 MP: 7/9
  1164 | D:2      | Reached skill level 1 in Invocations
  1262 | D:2      | Reached skill level 1 in Long Blades
  1262 | D:2      | Reached skill level 1 in Axes
  1262 | D:2      | Reached skill level 1 in Maces & Flails
  1262 | D:2      | Reached skill level 1 in Polearms
  1262 | D:2      | Reached skill level 1 in Staves
  1262 | D:2      | Reached skill level 1 in Ranged Weapons
  1262 | D:2      | Reached skill level 1 in Stealth
  1262 | D:2      | Reached skill level 1 in Shields
  1262 | D:2      | Reached skill level 1 in Unarmed Combat
  1262 | D:2      | Reached skill level 1 in Evocations
  1577 | D:2      | Reached XP level 4. HP: 38/38 MP: 11/11
  1667 | D:2      | Found a faded altar of an unknown god.
  1896 | D:3      | Noticed Ijyb
  1900 | D:3      | Paralysed by Ijyb for 4 turns
  1957 | D:2      | Killed Ijyb
  1957 | D:2      | Killed by an exploding Ijyb... ignited by their inner flame

Illustrated notes

Levels and vault maps discovered:
D:1:      nagdon_arrival_double_spiral, layout_basic, serial_shops,
          nicolae_shop_bloodbath_and_beyond, nicolae_shop_overgrown_old_shop
D:2:      layout_rooms, chequers_ecumenical_altar_lobes, grunt_ministairs_7,
          minmay_close_crescents
D:3:      layout_basic, serial_glass, glass_columns_c, glass_columns_a,
          uniq_ijyb

Skill      XL: |  1  2  3 |
---------------+----------+-----
Spellcasting   | 5 |  5.1
Invocations    | 1 |  1.2
Long Blades    | 1 |  1.1
Axes           | 1 |  1.1
Maces & Flails | 1 |  1.1
Polearms       | 1 |  1.1
Staves         | 1 |  1.1
Ranged Weapons | 1 |  1.1
Stealth        | 1 |  1.1
Shields        | 1 |  1.1
Unarmed Combat | 1 |  1.1
Evocations     | 1 |  1.1
Fighting       | |  4.6
Short Blades   | |  4.6
Throwing       | |  2.7
Armour         | |  2.7
Dodging        | |  4.6
Conjurations   | |  0.9
Hexes          | |  0.9
Summonings     | |  0.9
Necromancy     | |  0.9
Translocations | |  5.4
Transmutations | |  0.9
Fire Magic     | |  0.9
Ice Magic      | |  0.9
Air Magic      | |  0.9
Earth Magic    | |  0.9
Poison Magic   | |  0.9

Action                     |  1- 3 |  4- 6 || total
---------------------------+-------+-------++-------
  Melee: Short sword       |   130 |     7 ||   137
         Bite              |    11 |     1 ||    12
   Fire: Arbalest          |     1 |    20 ||    21
   Cast: Summon Small Mamm |       |     1 ||     1
         Blink             |       |     1 ||     1
    Use: Potion            |       |     3 ||     3
         Scroll            |       |     2 ||     2
 Armour: Leather armour    |    30 |    10 ||    40
  Dodge: Dodged            |    82 |    18 ||   100

Table legend: (Time is in decaauts)
 A = Elapsed time spent in this place.
 B = Non-inter-level travel time spent in this place.
 C = Inter-level travel time spent in this place.
 D = Time resting spent in this place.
 E = Time spent auto-exploring this place.
 F = Levels seen in this place.
 G = Mean time per level.
                   A        B        C        D        E       F      G
               +--------+--------+--------+--------+--------+-----+--------+
         Total |   1934 |   1766 |    168 |    142 |   1222 |   3 |  644.7 |
       Dungeon |   1934 |   1766 |    168 |    142 |   1222 |   3 |  644.7 |
               +--------+--------+--------+--------+--------+-----+--------+

Top non-repeatable levels by time:
     D:1: 988 daAuts
     D:2: 756 daAuts
     D:3: 189 daAuts
